[Event "Indian Blitz Championship 2023"]
[Site "Nashik"]
[Date "2024.03.07"]
[Round "1.1"]
[White "Bartakke Aditya"]
[Black "Ghosh, Diptayan"]
[Result "0-1"]
[ECO "B12"]
[WhiteElo "1843"]
[BlackElo "2559"]
[Annotator "TA"]
[PlyCount "23"]
[EventDate "2024.03.07"]
[EventType "blitz"]
[EventCountry "IND"]
[SourceTitle "playchess.com"]
[Source "ChessBase"]
[SourceQuality "1"]
[TimeControl "180+2"]

1. e4 c6 2. d4 d5 3. e5 Bf5 4. Bd3 Bxd3 5. Qxd3 e6 6. Ne2 c5 7. c3 Nc6 8. Nd2 Nge7 9. Nf3 Nf5 10. g4 Nh4 {[%emt 0:00:04] [#] ...c4 would now be deadly.} 11. a3 $2 (11. O-O $11) 11... c4 $19 12. Nfg1 {[%emt 0:00:56] White did not feel at home in the position after the opening.   Weighted Error Value: White=1.58/Black=0.04 (flawless) .  Loses game:     	White=1     	---        Mistake:       	White=1     	---        Inaccurate:     	White=1     	---        OK:         	White=1     	Black=1      Best:        	---       	Black=1} (12. Qd1 $142 Nxf3+ 13. Kf1) 0-1

[Event "Indian Blitz Championship 2023"]
[Site "Nashik"]
[Date "2024.03.07"]
[Round "1.2"]
[White "Mitrabha, Guha"]
[Black "Sherla Prathamesh"]
[Result "1-0"]
[ECO "D90"]
[WhiteElo "2526"]
[BlackElo "1850"]
[Annotator "TA"]
[PlyCount "93"]
[EventDate "2024.03.07"]
[EventType "blitz"]
[EventCountry "IND"]
[SourceTitle "playchess.com"]
[Source "ChessBase"]
[SourceQuality "1"]
[TimeControl "180+2"]

1. Nf3 c5 2. c3 Nf6 3. d4 cxd4 4. cxd4 g6 5. Nc3 d5 6. Bf4 Bg7 7. h3 O-O 8. e3 Nc6 9. Be2 a6 10. Rc1 Bf5 11. O-O Ne4 {[%emt 0:00:03] [#]} 12. Nxe4 (12. Qb3 $1 $16) 12... Bxe4 13. Nd2 Bf5 {[%emt 0:00:06] White is slightly better.} 14. Nb3 Re8 (14... e5 $14 {is more appropriate.} 15. dxe5 Nxe5) 15. Nc5 $16 Qb6 16. Na4 Qa5 17. Qb3 ({White should play} 17. g4 $16 e5 18. Bxe5 Bxe5 19. dxe5 (19. gxf5 Bb8 $16)) 17... Qb4 $2 {[%emt 0:00:17] A mistake that costs the game.} (17... Qd2 $1 $11 {and Black stays safe.}) 18. Qxb4 $18 Nxb4 19. Nb6 $36 {[%emt 0:00:01][%mdl 2048] White is in control.} Ra7 20. a3 Nc6 (20... Nd3 $16 {is a better defense.}) 21. Nxd5 e5 22. dxe5 Bxe5 23. Bxe5 Rxe5 24. Nb6 Ne7 25. Rfd1 {[%emt 0:00:02] g4 would now be deadly.} Be6 $2 (25... Re6) 26. Rc7 Nd5 27. Nxd5 Rxd5 28. Rxd5 Bxd5 29. Bf3 Bxf3 30. gxf3 {[%emt 0:00:01][%mdl 4096] Endgame. KR-KR} Kf8 31. a4 a5 32. f4 Ke8 33. Kg2 Kf8 34. Kf3 f5 $2 (34... h5 35. b3 Kg7) 35. Rxh7 {[%emt 0:00:02] White is clearly winning.} Kg8 36. Rd7 Kf8 37. Kg3 Ke8 38. Rg7 Ra6 39. Rxb7 Rc6 40. Rb5 Ra6 41. Kh4 Kf7 42. Kg5 Rc6 43. Rxa5 Rc2 44. Ra7+ Ke6 45. Kxg6 {[%emt 0:00:02] [#] h4 is the strong threat.} Rxf2 46. Ra6+ Kd5 47. Kxf5 {[%emt 0:00:02] Weighted Error Value: White=0.31/Black=0.48.  Loses game:     	---       	Black=1      Mistake:       	White=2     	Black=4      Inaccurate:     	White=2     	Black=2      OK:         	White=10    	Black=2      Best:        	White=1     	---} 1-0

[Event "Indian Blitz Championship 2023"]
[Site "Nashik"]
[Date "2024.03.07"]
[Round "1.3"]
[White "Pranay Akula"]
[Black "Karthik Venkataraman"]
[Result "0-1"]
[ECO "B26"]
[WhiteElo "1816"]
[BlackElo "2609"]
[Annotator "TA"]
[PlyCount "72"]
[EventDate "2024.03.07"]
[EventType "blitz"]
[EventCountry "IND"]
[SourceTitle "playchess.com"]
[Source "ChessBase"]
[SourceQuality "1"]
[TimeControl "180+2"]

1. e4 c5 2. Nc3 Nc6 3. g3 g6 4. Bg2 Bg7 5. d3 d6 6. Be3 Rb8 7. Qd2 b5 8. Nge2 b4 9. Nd1 h5 10. h3 Nd4 11. O-O e5 {[%emt 0:00:10][%cal Oc8h3] The position is equal.} 12. f4 Ne7 13. Nc1 h4 14. g4 exf4 15. Bxf4 Ne6 16. Be3 d5 17. Qf2 (17. a3 $11) 17... O-O $15 18. Qxh4 c4 $2 {[%emt 0:00:08] [#]} (18... dxe4 $17 {and life is bright.} 19. Bh6 Bd4+ 20. Be3 exd3 21. Nxd3 Bb7 22. Bxd4 Qxd4+ 23. Qf2 Bxg2 24. Qxd4 cxd4 (24... Nxd4 25. Kxg2 Nd5 26. Rf2 $15) 25. Kxg2 Nd5) 19. exd5 $16 Nxd5 20. Qxd8 Rxd8 21. Bxa7 Rb7 22. Bf2 ({White should play} 22. dxc4 $16 Rxa7 23. Bxd5 (23. cxd5 Ba6 $11)) 22... Rc7 (22... Ndf4 $11) 23. dxc4 ({Better is} 23. Bg3 $14) 23... Rxc4 $2 {[%emt 0:00:01] [#]} (23... Ndf4 $1 $11 {and Black stays safe.} 24. Nb3 Nxg2 (24... Rxc4 25. Bb6 $11) 25. Kxg2 Rxc4) 24. Ne3 $2 (24. Bxd5 $18 Rxd5 25. Ne3) 24... Nxe3 $15 25. Bxe3 Rxc2 {[%emt 0:00:07] Black is more active.} 26. Nb3 (26. Rb1 $15) 26... Rxb2 $19 ({Don't do} 26... Bxb2 27. Rad1 $15) 27. Rad1 Rxd1 28. Rxd1 Rxa2 29. Bd5 Rb2 (29... Nc7 $142 {Threatens to win with ...Nxd5.} 30. Nc5 Re2) 30. Nc5 (30. Rd2 $17 {was worth a try.}) 30... Re2 31. Nxe6 $2 (31. Bf2 {was forced.}) 31... Bxe6 (31... fxe6 32. Bc4 Rxe3 33. Rd8+ Kh7 34. Rxc8 $19) (31... Rxe3 $2 32. Nd8 $19) 32. Bxe6 fxe6 {[%emt 0:00:01] KRB-KRB} (32... Rxe3 33. Rd8+ Bf8 34. Bd5 $17) 33. Bc5 b3 {[%emt 0:00:02] Hoping for ...Ra2.} 34. Bd4 Bxd4+ {[%emt 0:00:03] Black mates.} 35. Rxd4 b2 36. Rd1 Rc2 {[%emt 0:00:01] Weighted Error Value: White=0.72/Black=0.34.  Loses game:     	---       	Black=1      Missed win:     	White=1     	---        Mistake:       	White=6     	Black=3      Inaccurate:     	White=3     	---        OK:         	White=6     	Black=9      Best:        	White=1     	Black=4} 0-1

[Event "Indian Blitz Championship 2023"]
[Site "Nashik"]
[Date "2024.03.07"]
[Round "1.4"]
[White "Ravi, Teja S."]
[Black "Kherdekar Arnav"]
[Result "1-0"]
[ECO "D04"]
[WhiteElo "2437"]
[BlackElo "1846"]
[Annotator "RC"]
[PlyCount "87"]
[EventDate "2024.03.07"]
[EventType "blitz"]
[EventCountry "IND"]
[SourceTitle "playchess.com"]
[Source "ChessBase"]
[SourceQuality "1"]
[TimeControl "180+2"]

1. d4 Nf6 2. Nf3 c5 3. e3 d5 4. Bd3 Nc6 5. O-O Bg4 6. c3 e6 7. Nbd2 c4 8. Bc2 Be7 9. e4 O-O 10. h3 Bh5 11. Re1 b5 12. a3 a5 13. exd5 exd5 14. Nf1 Re8 15. Ng3 Bg6 16. Nf5 Bf8 17. Bg5 h6 18. Rxe8 Qxe8 19. Nxh6+ gxh6 20. Bxf6 Qe6 21. Bh4 Rb8 22. Bg3 Re8 23. Qd2 Bxc2 24. Qxc2 Qe2 25. Qd2 Qxd2 26. Nxd2 Re2 27. Rd1 b4 28. Kf1 Re8 29. axb4 axb4 30. Ra1 Re6 31. Ra8 Kg7 32. Nf3 Be7 33. Ne5 Nxe5 34. Bxe5+ f6 35. Bf4 Rb6 36. Ra7 Kf7 37. Bxh6 bxc3 38. bxc3 Rb3 39. Bd2 Ke6 40. h4 Ba3 41. h5 Bb2 42. h6 Rb8 43. h7 Rh8 44. Ra2 1-0

[Event "Indian Blitz Championship 2023"]
[Site "Nashik"]
[Date "2024.03.07"]
[Round "1.5"]
[White "Jain, Kushagra"]
[Black "Aronyak Ghosh"]
[Result "0-1"]
[ECO "B11"]
[WhiteElo "1942"]
[BlackElo "2517"]
[Annotator "TA"]
[PlyCount "57"]
[EventDate "2024.03.07"]
[EventType "blitz"]
[EventCountry "IND"]
[SourceTitle "playchess.com"]
[Source "ChessBase"]
[SourceQuality "1"]
[TimeControl "180+2"]

1. e4 c6 2. Nf3 d5 3. Nc3 dxe4 4. Nxe4 Nf6 5. Qe2 Nxe4 6. Qxe4 Be6 7. Be2 Nd7 8. d4 Nf6 {[%emt 0:00:04] White has an edge.} 9. Qe5 h6 10. c4 g6 11. O-O Bg7 12. Qe3 O-O 13. h3 Qb6 14. Bd2 Rad8 15. Bc3 Rfe8 16. Rad1 Bf5 {[%emt 0:00:04] [#]} 17. Ne5 ({White should play} 17. g4 $1 $16 Bc8 18. Ne5) 17... Ne4 $14 18. c5 Qc7 19. Bc4 (19. f4 {simplifies} Nf6 20. Bc4 Nd5 21. Qf3) 19... Bxe5 20. dxe5 {[%emt 0:00:03] aiming for e6.} Nxc3 21. Qxc3 Rxd1 22. Rxd1 Rd8 $132 {[%emt 0:00:00][%mdl 2048] Against e6. Black is fighting back} 23. Rxd8+ Qxd8 $11 {[%emt 0:00:01][%mdl 4096] Endgame. KQB-KQB} 24. Qb3 e6 25. Qxb7 $2 {[%emt 0:00:08] [#]} (25. Qc3 $11) 25... Qd4 $2 (25... Qd1+ $17 26. Kh2 Qd2) 26. Qb8+ Kg7 27. Bb3 (27. Qb3 $11 {keeps the balance.}) 27... Qxc5 $17 28. Qc7 ({Wrong is} 28. Bd1 $2 Qc1 29. Qb3 c5 $19) 28... h5 (28... Qc1+ $2 29. Kh2 Qxb2 30. Qxa7 Qxe5+ 31. Kh1 $19) 29. g3 $2 {[%emt 0:00:05][%mdl 8192] Weighted Error Value: White=0.32/Black=0.16 (very precise) .  Loses game:     	White=1     	---        Mistake:       	White=3     	Black=1      Inaccurate:     	White=2     	Black=3      OK:         	White=4     	Black=8      Best:        	---       	Black=2} (29. Qd8 $17) 0-1

[Event "Indian Blitz Championship 2023"]
[Site "Nashik"]
[Date "2024.03.07"]
[Round "1.6"]
[White "Raja Rithvik R"]
[Black "Falgun, D Purohit"]
[Result "1-0"]
[ECO "A43"]
[WhiteElo "2532"]
[BlackElo "1725"]
[Annotator "TA"]
[PlyCount "48"]
[EventDate "2024.03.07"]
[EventType "blitz"]
[EventCountry "IND"]
[SourceTitle "playchess.com"]
[Source "ChessBase"]
[SourceQuality "1"]
[TimeControl "180+2"]

1. d4 c5 2. d5 g6 3. e4 Bg7 4. Nc3 d6 5. Nf3 Nf6 6. Bb5+ Bd7 7. a4 O-O 8. O-O a6 9. Bd3 Bg4 10. h3 Bxf3 {[%emt 0:00:02] White is slightly better.} 11. Qxf3 Nbd7 12. Qd1 Rc8 13. Be3 Ne8 14. a5 {[%emt 0:00:02] Black is weak on the light squares} Nc7 15. f4 e6 16. dxe6 fxe6 17. Bc4 Kh8 $2 {[%emt 0:00:05] [#] This costs Black the game.} ({Black should play} 17... Qe7 $14) 18. Qxd6 $18 Re8 19. Rad1 (19. Bxc5 $2 {perishes.} Nxc5 20. e5 Qxd6 21. exd6 Bd4+ 22. Kh2 Bxc3 23. bxc3 Nb5 24. Bxb5 axb5 $19) 19... Nf8 20. e5 Qe7 (20... Qxd6 $142 21. exd6 (21. Rxd6 g5 $18) 21... Nd5) 21. Qxe7 {[%emt 0:00:03] White is clearly winning.} Rxe7 22. Bxc5 Rf7 23. Ne4 {[%emt 0:00:03] [#] Hoping for Nd6.} Nd5 24. Bxd5 exd5 {[%emt 0:00:00] Weighted Error Value: White=0.04 (flawless) /Black=0.58.  Loses game:     	---       	Black=1      Mistake:       	---       	Black=1      Inaccurate:     	White=1     	Black=2      OK:         	White=8     	Black=4      Best:        	White=1     	---} 1-0

[Event "Indian Blitz Championship 2023"]
[Site "Nashik"]
[Date "2024.03.07"]
[Round "1.7"]
[White "Dheeraj H"]
[Black "Laxman, R.R."]
[Result "0-1"]
[ECO "D60"]
[WhiteElo "1754"]
[BlackElo "2331"]
[Annotator "TA"]
[PlyCount "34"]
[EventDate "2024.03.07"]
[EventType "blitz"]
[EventCountry "IND"]
[SourceTitle "playchess.com"]
[Source "ChessBase"]
[SourceQuality "1"]
[TimeControl "180+2"]

1. d4 Nf6 2. Nf3 e6 3. Bg5 d5 4. e3 Nbd7 5. c4 Be7 6. Nc3 O-O 7. c5 c6 8. Bd3 b6 9. cxb6 axb6 10. O-O {[%emt 0:00:03] Black has an edge.} Ba6 11. Bxa6 Rxa6 12. a3 c5 13. Qe2 Ra8 14. Qb5 c4 15. b3 (15. Bf4 $15) 15... Ra5 $17 ({Much weaker is} 15... Bxa3 $6 16. bxc4 Ra5 17. Bxf6 Nxf6 18. Qc6 $11) 16. Qc6 cxb3 {[%emt 0:00:02] [#] aiming for ...Qb8.} ({Of course not} 16... Bxa3 $6 17. Bxf6 (17. bxc4 Qa8 $11) 17... Nxf6 18. bxc4 $11) 17. Nb5 $2 (17. Rfb1 $17 {is tougher.}) 17... Nb8 {[%emt 0:00:06] Weighted Error Value: White=0.59/Black=0.04 (flawless) .  Loses game:     	White=1     	---        Mistake:       	White=1     	---        Inaccurate:     	White=2     	---        OK:         	White=3     	Black=4      Best:        	---       	Black=1} 0-1

[Event "Indian Blitz Championship 2023"]
[Site "Nashik"]
[Date "2024.03.07"]
[Round "1.8"]
[White "Raahul V S"]
[Black "Yohan Yadav Tarala"]
[Result "1-0"]
[ECO "A10"]
[WhiteElo "2314"]
[BlackElo "1746"]
[Annotator "TA"]
[PlyCount "33"]
[EventDate "2024.03.07"]
[EventType "blitz"]
[EventCountry "IND"]
[SourceTitle "playchess.com"]
[Source "ChessBase"]
[SourceQuality "1"]
[TimeControl "180+2"]

1. c4 b6 2. Nc3 Bb7 3. e4 e5 4. Nf3 Nc6 5. d4 exd4 6. Nxd4 Bc5 (6... Bb4 $142) 7. Be3 Nxd4 8. Bxd4 Bxd4 {[%emt 0:00:14] White is slightly better.} 9. Qxd4 Qf6 10. e5 Qe7 (10... Qe6 $11) 11. Nd5 $14 Bxd5 12. cxd5 d6 {[%emt 0:00:22] Black is weak on the light squares} ({Better is} 12... f6 $14) 13. Bb5+ $16 Kf8 14. f4 $36 {[%emt 0:00:02][%mdl 2048] White is in control. White is more active.} Nh6 (14... a6 $16 {was called for.}) 15. O-O $18 Nf5 16. Qe4 dxe5 $2 {[%emt 0:00:06] [#]} (16... g6 17. g4 Ng7) 17. d6 {[%emt 0:00:02] Weighted Error Value: White=0.20 (precise) /Black=0.35.  Mistake:       	---       	Black=4      Inaccurate:     	White=2     	Black=1      OK:         	White=4     	Black=2      Best:        	White=1     	Black=1} ({Not} 17. fxe5 Nd6 18. Qe2 (18. exd6 $2 {too greedy.} Qxe4 19. dxc7 Rc8 $19) 18... Nxb5 $18) 1-0

[Event "Indian Blitz Championship 2023"]
[Site "Nashik"]
[Date "2024.03.07"]
[Round "1.9"]
[White "Arnav Dhamija"]
[Black "Prraneeth Vuppala"]
[Result "0-1"]
[ECO "D02"]
[WhiteElo "1744"]
[BlackElo "2506"]
[Annotator "TA"]
[PlyCount "119"]
[EventDate "2024.03.07"]
[EventType "blitz"]
[EventCountry "IND"]
[SourceTitle "playchess.com"]
[Source "ChessBase"]
[SourceQuality "1"]
[TimeControl "180+2"]

1. d4 d5 2. Bf4 e6 3. e3 Bd6 4. Bg3 Nf6 5. Nf3 O-O 6. Bd3 c5 7. c3 b6 8. Nbd2 Ba6 9. Bxa6 {[%emt 0:00:26] Die Stellung ist ausgeglichen.} Nxa6 10. Qe2 Nc7 11. Ne5 Nce8 12. O-O Nd7 13. f4 f6 14. Nd3 (14. Bh4 {scheint wilder zu sein.} Qc7 15. Qg4 f5 16. Qe2) 14... f5 15. Nf3 Nef6 16. Bh4 Qc7 (16... c4 {vereinfacht} 17. Nde5 Qc7 18. Nxd7 Nxd7 19. h3 b5) 17. Nde5 Ne4 (17... c4 {vereinfacht} 18. Nxd7 Nxd7 19. h3 b5) 18. Ng5 Rae8 (18... Nxg5 {vereinfacht} 19. Bxg5 c4 20. a4 a6) 19. Qb5 (19. Nxe4 {vereinfacht} fxe4 20. b3 Rc8 21. Rad1) 19... Ndf6 20. Rf3 (20. Ngf3 $15) 20... Nxg5 21. Bxg5 Ne4 22. Bh4 Bxe5 23. fxe5 h6 24. Qe2 a5 25. Raf1 cxd4 (25... g5 $142 26. Be1 c4) 26. exd4 $17 Qc4 27. Qxc4 dxc4 28. Be1 {[%emt 0:00:02] Wehrt Nd2 ab. Schwarz führt seinen Vorteil zum Gewinn.} b5 {[%emt 0:00:02] Schwarz steht aktiver.} 29. g4 fxg4 $19 30. Rxf8+ (30. Rf4 $17 {ist der einzige Weg für Weiss..} Ng5 (30... Rxf4 $2 31. Rxf4 Ng5 32. Rxg4 $17) 31. Rxg4) 30... Rxf8 31. Rxf8+ Kxf8 {[%emt 0:00:02][%mdl 4096] Endspiel. KB-KN} 32. Kg2 h5 33. h3 $2 (33. a3) 33... Kf7 34. hxg4 hxg4 35. b3 $2 (35. Kh2) 35... a4 (35... cxb3 $142 36. axb3 a4) 36. bxa4 bxa4 37. Kf1 Kg6 38. Ke2 Kf5 {[%emt 0:00:03] ...a3 ist eine echte Drohung.} 39. Ke3 Ng5 {[%emt 0:00:03] Droht stark ...Ne4.} 40. a3 Nf7 41. Bh4 g5 42. Bg3 Nd8 43. d5 exd5 44. Kd4 Ke6 45. Kc5 Nf7 {[%emt 0:00:02][%cal Of7h6] ...Nh6! wäre nun fies.} 46. Kb4 Nxe5 47. Kxa4 Nd3 (47... d4 $142 {( -> ...d3)} 48. cxd4 Nd3) 48. Kb5 Nb2 $2 ({Günstiger ist} 48... Nc1 $19 {Und ...Ne2 würde nun gewinnen.} 49. a4 Ne2) 49. a4 $2 {[%emt 0:00:00][%mdl 8192] [#]} (49. Kc5 $15 Nd3+ 50. Kb5) 49... d4 $1 50. cxd4 (50. a5 d3) 50... c3 {[%emt 0:00:02] Schwarz setzt Matt.} 51. Be1 c2 52. Bd2 {[%emt 0:00:01] [#]} Nxa4 $1 53. Kxa4 {[%emt 0:00:01] KB-K3P} (53. Kc4 g3) 53... g3 54. Kb3 g2 55. Be3 {[%emt 0:00:04] [#]} g1=Q $1 56. Bxg1 c1=Q ({Und nicht} 56... c1=B 57. Kc4 $11) 57. d5+ Kxd5 58. Bf2 Qc4+ 59. Kb2 Qe2+ 60. Kc3 {[%emt 0:00:07] Gewichteter Fehlerwert: Weiß=1.00/Schwarz=0.56.  Verlustzug:     	Weiß=2     	---        Fehler:       	Weiß=4     	Schwarz=2     Ungenau:       	Weiß=4     	Schwarz=3     OK:         	Weiß=6     	Schwarz=7     Bester:       	Weiß=1     	---        Brilliant:      	---       	Schwarz=1} 0-1

[Event "Indian Blitz Championship 2023"]
[Site "Nashik"]
[Date "2024.03.07"]
[Round "1.10"]
[White "Kushagra Mohan"]
[Black "Chandwani Prateek"]
[Result "1-0"]
[ECO "B46"]
[WhiteElo "2351"]
[BlackElo "1605"]
[Annotator "TA"]
[PlyCount "54"]
[EventDate "2024.03.07"]
[EventType "blitz"]
[EventCountry "IND"]
[SourceTitle "playchess.com"]
[Source "ChessBase"]
[SourceQuality "1"]
[TimeControl "180+2"]

1. e4 c5 2. Nc3 e6 3. Nf3 Nc6 4. d4 cxd4 5. Nxd4 a6 6. Nxc6 bxc6 7. Bd3 d5 8. O-O d4 (8... Bb7 $11) 9. Ne2 $16 c5 10. c3 e5 (10... dxc3 $142 11. Nxc3 (11. Qa4+ $2 Bd7 $17) 11... Bd6) 11. f4 Qb6 $2 (11... Bd6 $16) 12. Kh1 (12. Bc4 $18 {has better winning chances.}) 12... Bd6 13. fxe5 Bxe5 14. cxd4 cxd4 15. Bf4 Bxf4 (15... Qd6 $16 {might work better.}) 16. Nxf4 $18 (16. Rxf4 $6 Ne7 $16) 16... Nf6 (16... Ne7 17. Qa4+ Bd7) 17. e5 Ng4 18. Nd5 $2 (18. e6 $18 {is more deadly. Strongly threatening Qa4+.} O-O 19. Qxg4 Bxe6 20. Nxe6 Qxe6 21. Qxd4) 18... Qc5 $2 (18... Qh6 $16 {prevents the worst.} 19. h3 (19. Qa4+ $2 Bd7 $19) 19... O-O) 19. Be4 {[%emt 0:00:09][%cal Bd3e4,Be4a8,Ba8d5][%mdl 32] [#] Rc1 would now be deadly.} O-O 20. Rc1 Qa5 21. Ne7+ Kh8 {[%emt 0:00:02][%cal Oa5e5] And now ...Qxe5! would win.} 22. Nxc8 (22. Bxa8 Qxe5 23. g3 (23. Nxc8 $2 Qxh2#) 23... Qxe7 $16) 22... Ne3 23. Qxd4 (23. Bxa8 Nxd1 24. e6 (24. Rfxd1 Qxe5 25. Bf3 Re8 $14) 24... Ne3 (24... Nxb2 $2 {perishes.} 25. Rxf7 Rg8 26. e7 $18) 25. Rxf7 (25. e7 $2 Re8 $19) 25... Rg8 $11 (25... Rxf7 $2 26. exf7 Qd8 27. Nd6 $18)) 23... Nxf1 24. Bxa8 Nd2 25. Bd5 {[%emt 0:00:10] [#] Nd6 would kill now.} Rd8 26. Nd6 Rf8 27. Nxf7+ Kg8 {[%emt 0:00:05] Weighted Error Value: White=0.50/Black=1.61.  Loses game:     	---       	Black=2      Missed win:     	White=2     	---        Mistake:       	---       	Black=3      Inaccurate:     	---       	Black=1      OK:         	White=4     	Black=2      Best:        	White=2     	---} 1-0

[Event "Indian Blitz Championship 2023"]
[Site "Nashik"]
[Date "2024.03.07"]
[Round "2.1"]
[White "Ghosh, Diptayan"]
[Black "Balkishan, A.."]
[Result "1-0"]
[ECO "A34"]
[WhiteElo "2559"]
[BlackElo "2108"]
[Annotator "TA"]
[PlyCount "83"]
[EventDate "2024.03.07"]
[EventType "blitz"]
[EventCountry "IND"]
[SourceTitle "playchess.com"]
[Source "ChessBase"]
[SourceQuality "1"]
[TimeControl "180+2"]

1. Nf3 c5 2. c4 Nc6 3. Nc3 e5 4. e3 Nf6 5. d4 e4 6. d5 exf3 7. dxc6 bxc6 8. Qxf3 {[%emt 0:00:00] Weiß hat minimalen Vorteil.} Be7 9. e4 {[%emt 0:00:00] Schwarz muss nun e5 beachten.} d6 10. Bd3 O-O 11. O-O Be6 12. Bf4 Nd7 13. Rad1 Qb6 (13... Ne5 $14 14. Qg3 Ng6) 14. b3 Rfd8 15. Be2 Ne5 16. Qg3 Bf6 17. Bg5 ({Vorzuziehen ist} 17. Bd2) 17... Bxg5 $16 18. Qxg5 f6 19. Qg3 Qa5 20. Rd2 Nf7 21. Rfd1 {[%emt 0:00:00] Weiß steht aktiver.} f5 {[%emt 0:00:02] [#]} (21... Kh8 $16 22. f4 f5) 22. exf5 (22. Bh5 $1 $18) 22... Bxf5 23. Na4 Rac8 24. h3 Bg6 $2 {[%emt 0:00:01] [#] Das Aus für Schwarz.} (24... Re8 $14) 25. Bg4 $1 $18 Rb8 26. Be6 Qc7 27. Rxd6 Rxd6 28. Qxd6 Qxd6 29. Rxd6 Re8 30. Rxc6 ({Jedoch nicht} 30. Nxc5 Kf8) 30... Kf8 31. Nxc5 Ne5 32. Rc7 Nd3 33. Nxd3 Rxe6 {[%emt 0:00:00][%mdl 4096] Endspiel. KRB-KRN} 34. Nf4 Re1+ 35. Kh2 Bb1 {[%emt 0:00:01] Weiß steht klar auf Gewinn.} 36. Rxa7 Rd1 37. b4 Rd2 38. b5 Bxa2 39. b6 Bxc4 40. b7 Rb2 41. Ra8+ Ke7 42. b8=Q {[%emt 0:00:03] Gewichteter Fehlerwert: Weiß=0.16 (sehr präzise) /Schwarz=0.44.  Verlustzug:     	---       	Schwarz=1     Fehler:       	Weiß=2     	Schwarz=2     Ungenau:       	Weiß=2     	Schwarz=6     OK:         	Weiß=11    	Schwarz=6     Bester:       	Weiß=1     	Schwarz=1     Stark:        	Weiß=1     	---} 1-0